 Dungeon Crawl Stone Soup version 0.20-a0-909-g1a4ba80 (webtiles) character file.

102 Hook the Firebug (level 4, -5/25 HPs)
             Began as a Deep Elf Fire Elementalist on Mar 22, 2017.
             Killed by divine providence
             ... invoked by an orc priest
              (15 damage)
             ... on level 3 of the Dungeon.
             The game lasted 00:10:08 (2493 turns).

Hook the Firebug (Deep Elf Fire Elementalist)       Turns: 2493, Time: 00:10:09

Health: -5/25      AC:  2    Str:  6    XL:     4   Next: 50%
Magic:  0/11       EV: 14    Int: 20    God:
Gold:   165        SH:  0    Dex: 15    Spells: 1/10 levels left

rFire    x . .     SeeInvis .   f - +1 dagger (freeze)
rCold    + . .     Gourm    .   a - +0 robe
rNeg     . . .     Faith    .   (no shield)
rPois    +         Spirit   .   (no helmet)
rElec    .         Reflect  .   (no cloak)
rCorr    .         Harm     .   (no gloves)
MR       .....                  (no boots)
Stlth    ++........             (no amulet)
Regen    0.1/turn               l - ring of poison resistance
MPRegen  0.2/turn               k - ring of ice

@: very slightly contaminated
A: no striking features
a: no special abilities


You were on level 3 of the Dungeon.
You were not hungry.

You visited 1 branch of the dungeon, and saw 3 of its levels.

You collected 165 gold pieces.

Inventory:

Hand Weapons
 d - a +0 short sword
 f - a +1 dagger of freezing (weapon)
Armour
 a - a +0 robe (worn)
Jewellery
 k - a ring of ice (left hand)
 l - a ring of poison resistance (right hand)
Scrolls
 h - 3 scrolls of identify {unknown}
 m - a scroll of random uselessness {unknown}
 n - 3 scrolls of teleportation {unknown}
Potions
 e - a potion of ambrosia {unknown}
 g - 2 potions of lignification {unknown}
 i - a potion of heal wounds {unknown}
 j - a potion of haste {unknown}
Books
 b - a book of Flames

   Spells                             Type                      Level
   a - Flame Tongue                   Conjuration/Fire             1
   b - Throw Flame                    Conjuration/Fire             2
   c - Conjure Flame                  Conjuration/Fire             3
   d - Inner Flame                    Hexes/Fire                   3
   e - Sticky Flame                   Conjuration/Fire             4
   f - Fireball                       Conjuration/Fire             5
Comestibles
 c - 5 bread rations


   Skills:
 + Level 1.0 Fighting
 * Level 3.6 Dodging
 - Level 3.0 Stealth
 * Level 3.7 Spellcasting
 + Level 2.1 Conjurations
 + Level 3.7 Fire Magic


You had one spell level left.
You knew the following spells:

 Your Spells              Type           Power        Failure   Level  Hunger
a - Flame Tongue          Conj/Fire      ###..        4%          1    None
b - Throw Flame           Conj/Fire      ###...       10%         2    ##.....
c - Conjure Flame         Conj/Fire      ###.....     14%         3    ###....
d - Inner Flame           Hex/Fire       ##......     21%         3    ###....


Dungeon Overview and Level Annotations

Branches:
Dungeon (3/15)

Altars:


Message History

The orc priest is heavily wounded.
Casting: Throw Flame
Confirm with . or Enter, or press ? or * to list all spells.
Aiming: Throw Flame
Press: ? - help, Shift-Dir - straight line, f/p - orc priest
Aim: an orc priest, wielding a trident and wearing a leather armour (heavily wounded, inner flame)
The puff of flame hits the goblin.
The goblin is severely wounded.
An orc comes into view. It is wielding a trident.
Casting: Throw Flame
Confirm with . or Enter, or press ? or * to list all spells.
You don't have enough magic to cast that spell.
Unknown command.
The orc priest invokes the aid of Beogh against you.
Beogh smites you!
Ouch! That really hurt!
The orc priest mumbles some strange prayers to Beogh against you.
Beogh smites you!
Ouch! That really hurt!
You die...

.# #........
.###....# .#
#########
......... .#
#......# .#
....o..# .#
#......#
.#########
#####.g....#
.........#
#........#
########.#
##....>...#
#.#
#.†.@.....+
#.#
#.........#
#.#
#.........#
#.#
#.........#
#.#
#.........#
#.#
#.........#
#.#
#.....†...#
#.#
#.#########
#.# #.#


You could see an orc priest (inner flame) and a goblin.

Vanquished Creatures
  3 adders
  2 oozes
  2 worms (D:2)
  A dart slug (D:3)
  3 leopard geckos
  6 giant cockroaches
  7 goblins
  2 hobgoblins
  A jackal (D:2)
  7 kobolds
  2 quokkas
  10 bats
  4 frilled lizards
  7 rats
57 creatures vanquished.

Notes
Turn   | Place    | Note
-------+----------+-------------------------------------------
     0 | D:1      | Hook the Deep Elf Fire Elementalist began the quest for the Orb.
     0 | D:1      | Reached XP level 1. HP: 10/10 MP: 6/6
   137 | D:1      | Reached XP level 2. HP: 9/15 MP: 0/8
   655 | D:1      | Learned a level 2 spell: Throw Flame
   761 | D:1      | Reached XP level 3. HP: 19/19 MP: 7/9
  1148 | D:2      | Learned a level 3 spell: Conjure Flame
  1434 | D:2      | Reached XP level 4. HP: 15/24 MP: 8/11
  2181 | D:2      | Reached skill level 1 in Fighting
  2483 | D:3      | Learned a level 3 spell: Inner Flame
  2493 | D:3      | Killed from afar by an orc priest

Vault maps used:
D:1:      erik_arrival_blinker_ship, minmay_pentomino_w4
D:2:      first_bread, grunt_ministairs_14
D:3:      old_standard_altar, nemelex_dance_club_becter

Skill      XL: |  1  2  3  4 |
---------------+-------------+-----
Stealth        | 3 |  3.0
Dodging        | 3 |  3.6
Conjurations   | 2 |  2.1
Fighting       | 1 |  1.0
Spellcasting   | |  3.7
Fire Magic     | |  3.7

Action                   |  1- 3 |  4- 6 || total
-------------------------+-------+-------++-------
Melee: Short sword       |    42 |       ||    42
       Dagger            |       |    18 ||    18
 Cast: Flame Tongue      |    37 |    16 ||    53
       Throw Flame       |    15 |    22 ||    37
       Conjure Flame     |     1 |     1 ||     2
       Inner Flame       |       |     1 ||     1
  Use: Scroll            |     2 |       ||     2
  Eat: Chunk             |     2 |     4 ||     6
Armor: Robe              |    15 |     1 ||    16
Dodge: Dodged            |    37 |    12 ||    49
